AoeStats
← jorge_apoc25

Arabia

510028254Analyzed
1v1 RM · 4d ago on Sep 29, 2026· 58m 26s· 2 players
Game mode
Random Map
Map size
Tiny (2 player)
Population
200
Speed
Normal
Resources
Standard
Victory
Conquest
Starting age
Dark Age
Ending age
Imperial Age
RankedLock teamsTeams togetherTeam positionsShared explorationLock speedFull tech treeHidden civsTurbo modeCheats
Victory
Defeat
🇺🇸 Huns · United States
1128
+17
🇲🇽 Persians · Mexico
1160
-17
JackalSwitch
7:18 Loom
9:35 Feudal Age
9:45 Man-at-Arms
11:02 Horse Collar
16:32 Fletching
20:03 Double-Bit Axe
24:26 Castle Age
23:23 Bloodlines
23:20 Scale Barding Armor
24:06 Forging
25:25 Thumb Ring
25:31 Bodkin Arrow
28:00 Bow Saw
28:32 Padded Archer Armor
31:22 Gold Mining
31:58 Light Cavalry
33:29 Wheelbarrow
33:51 Gold Shaft Mining
33:32 Heavy Plow
36:35 Chain Barding Armor
43:29 Imperial Age
41:30 Scale Mail Armor
42:32 Hand Cart
42:45 Husbandry
43:18 Marauders
44:09 Elite Tarkan
45:10 Conscription
47:09 Plate Barding Armor
47:04 Town Watch
49:19 Parthian Tactics
48:37 Heavy Cavalry Archer
50:07 Iron Casting
53:22 Sanctity
53:14 Fervor
53:43 Bracer
54:44 Blast Furnace
57:23 Leather Archer Armor
57:31 Hussar
jorge_apoc25
9:12 Feudal Age
7:54 Loom
10:43 Double-Bit Axe
16:25 Horse Collar
23:17 Castle Age
22:23 Padded Archer Armor
22:45 Fletching
23:41 Forging
23:09 Crossbowman
25:56 Husbandry
27:11 Elite Skirmisher
35:38 Heavy Plow
36:00 Scale Barding Armor
36:30 Ballistics
37:27 Wheelbarrow
39:49 Imperial Age
37:44 Bodkin Arrow
38:50 Bloodlines
39:36 Thumb Ring
39:39 Kamandaran
41:43 Conscription
42:13 Pikeman
43:40 Leather Archer Armor
44:02 Iron Casting
46:10 Chemistry
44:58 Halberdier
45:39 Squires
46:26 Ring Archer Armor
47:33 Chain Barding Armor
50:00 Plate Barding Armor
50:26 Blast Furnace
49:49 Scale Mail Armor
51:33 Murder Holes
56:37 Chain Mail Armor
Connection lost

Rejoining the realm…

Still unreachable

The connection could not be restored.

Session expired

The server has moved on; the page needs a fresh start.